 Dungeon Crawl Stone Soup version 0.31-a0-640-g39d97e502b (webtiles) character file.

Game seed: 10464476140656526869

136 qw the Shooter (level 5, 0/32 HPs)
             Began as a Gargoyle Hunter on Aug 27, 2023.
             Slain by a centaur (4 damage)
             ... on level 4 of the Dungeon.
             The game lasted 00:00:47 (2188 turns).

qw the Shooter (Gargoyle Hunter)                    Turns: 2188, Time: 00:00:48

Health: 0/32       AC: 11    Str: 14    XL:     5   Next: 19%
Magic:  5/5        EV: 10    Int: 10    God:
Gold:   113        SH:  0    Dex: 15    Spells: 4/4 levels left

rFire   . . .        Y - +0 shortbow
rCold   . . .        (shield currently unavailable)
rNeg    + + .        h - +0 ring mail
rPois   inf          k - +0 helmet
rElec   +            (no cloak)
rCorr   .            (no gloves)
SInv    +            d - +0 pair of boots
Will    .....        (no amulet)
Stlth   +            f - ring of see invisible
HPRegen 0.25/turn    m - ring of positive energy
MPRegen 0.09/turn

%: no passive effects
@: no status effects
A: sickness immunity, AC +4, negative energy resistance 1, electricity
resistance, torment resistance 1, petrification resistance
a: no special abilities


You were on level 4 of the Dungeon.
You visited 1 branch of the dungeon, and saw 4 of its levels.

You collected 113 gold pieces.


Innate Abilities, Weirdness & Mutations

You are immune to sickness and miasma.
Your stone body is resilient. (AC +4)
You are immune to poison.
You resist negative energy. (rN+)
You are resistant to electric shocks. (rElec)
You are resistant to unholy torment.
You are immune to petrification.


   Skills:
 - Level 3.5 Fighting
 + Level 5.6 Ranged Weapons
 - Level 1.0 Armour
 - Level 1.5 Dodging
 - Level 1.1 Stealth


You had 4 spell levels left.
You didn't know any spells.
Your spell library was empty.

Inventory:

Hand Weapons
 Y - a +0 shortbow (weapon)
Armour
 d - a +0 pair of boots (worn)
 h - a +0 ring mail (worn)
 k - a +0 helmet (worn)
Jewellery
 f - a ring of see invisible (left hand)
 m - a ring of positive energy (right hand)
Scrolls
 i - a scroll of identify
Potions
 a - a potion of enlightenment
 b - a potion of mutation {unknown}
 g - a potion of attraction {unknown}
 j - a potion of brilliance {unknown}
 l - a potion of might {unknown}

Dungeon Overview and Level Annotations

Branches:
Dungeon (4/15)
 Temple: D:4-7

Altars:
Wu Jian

Annotations:
D:3 1 runed translucent door, Crazy Yiuf


Message History

As you read the scroll of identify, it crumbles to dust.
a - a potion of enlightenment;
2110 ||| IDENTIFYING sapphire potion Could not explore, unopened runed door.
2111 ||| DROPPING 2 scrolls of amnesia.
You drop 2 scrolls of amnesia.
Crazy Yiuf grits, "Lugonu!"
Could not explore, unopened runed door.
What level of the Dungeon? (default 3, ? - help)
There is a stone staircase leading down here.
You climb downwards.
There is a stone staircase leading up here.
Waypoint 3 assigned to D:4.
There is a stone staircase leading up here.
A centaur comes into view.
The centaur shouts!
The centaur wields a +0 shortbow.
The centaur shoots an arrow.
The arrow hits you!
You shoot an arrow.
The arrow hits the centaur but does no damage.
The centaur shoots an arrow.
The arrow hits you but does no damage.
The centaur shoots an arrow.
The arrow barely misses you.
You shoot an arrow. The arrow hits the centaur.
The centaur is lightly wounded.
You shoot an arrow. The arrow hits the centaur.
The centaur is moderately wounded.
The centaur shoots an arrow.
The arrow hits you.
The centaur shoots an arrow.
The arrow hits you.
You shoot an arrow. The arrow barely misses the centaur.
The centaur shoots an arrow.
The arrow hits you!
You shoot an arrow. The arrow hits the centaur!
The centaur is heavily wounded.
The centaur shoots an arrow.
The arrow hits you but does no damage.
You shoot an arrow. The arrow hits the centaur.
The centaur is heavily wounded.
The centaur unwields a +0 shortbow.
The centaur hits you but does no damage.
The centaur kicks you but does no damage.
The centaur hits you. The centaur completely misses you.
You shoot an arrow. The arrow closely misses the centaur.
The centaur hits you. The centaur barely misses you. The centaur hits you.
You die...

######## #########
#....c.#####.......#
#@#...#.#####.#
#.......#####.#
.#.........^##.#
#.........##.##.#
###.#...#.##.##.#
...#####.......#
##### ####.####
#....# ####.#


You could see a centaur.

Vanquished Creatures
  Natasha (thrice) (D:3)
  2 adders (D:2)
  A dart slug (D:3)
  An orc (D:3)
  2 ball pythons
  7 bats
  3 endoplasms
  2 goblins
  2 hobgoblins (D:2)
  4 jackals (D:1)
  3 quokkas
  5 frilled lizards
  4 kobolds
  5 rats
44 creatures vanquished.

Vanquished Creatures (others)
  A kraken (D:1)
  A ghoul (D:1)
  A minotaur (D:1)
  A gargoyle (D:1)
  A vine stalker (D:1)
  An elf (D:1)
  A spriggan (D:1)
  A naga (D:1)
  A dwarf (D:1)
  A tengu (D:1)
  An orc (D:1)
  21 tentacles (D:1)
32 creatures vanquished.

Grand Total: 76 creatures vanquished

Notes
Turn   | Place    | Note
-------+----------+-------------------------------------------
     0 | D:1      | qw the Gargoyle Hunter began the quest for the Orb.
     0 | D:1      | Reached XP level 1. HP: 12/12 MP: 1/1
     0 | D:1      | Noticed a minotaur
     0 | D:1      | Noticed a minotaur
     0 | D:1      | Noticed a ghoul
     0 | D:1      | Noticed a dwarf
     0 | D:1      | Noticed a ghoul
     0 | D:1      | Noticed a tengu
     0 | D:1      | Noticed a kraken
     0 | D:1      | Noticed an elf
     0 | D:1      | Noticed a naga
     0 | D:1      | Noticed a vine stalker
     0 | D:1      | Noticed a gargoyle
     0 | D:1      | Noticed a spriggan
     0 | D:1      | 0 ||| qw: Version: 0.3-a-74-g0d5e918
     0 | D:1      | 0 ||| qw: Game counter: 114
     0 | D:1      | 0 ||| qw: Melee chars always use a shield: true
     0 | D:1      | 0 ||| qw: God list: Okawaru
     0 | D:1      | 0 ||| qw: Allow faded altars: false
     0 | D:1      | 0 ||| qw: Do Orc after clearing Dungeon:15 true
     0 | D:1      | 0 ||| qw: Do second Lair branch before Depths: true
     0 | D:1      | 0 ||| qw: Lair rune preference: random
     0 | D:1      | 0 ||| qw: Goals: Normal
     0 | D:1      | 0 ||| PLANNING D:1-11
     3 | D:1      | Killed a gargoyle
     8 | D:1      | Killed a tengu
     9 | D:1      | You fall into a shaft and drop 1 floor!
    47 | D:2      | Reached XP level 2. HP: 17/17 MP: 2/2
    69 | D:2      | Found an ornate altar of the Wu Jian Council.
   118 | D:2      | 118 ||| UPGRADING to +0 pair of boots.
   123 | D:2      | 123 ||| DROPPING scroll of butterflies.
   149 | D:1      | Killed a dwarf
   150 | D:1      | Killed a naga
   150 | D:1      | Killed a spriggan
   155 | D:1      | Killed a ghoul
   158 | D:1      | Killed an elf
   160 | D:1      | Killed a vine stalker
   161 | D:1      | Killed a minotaur
   161 | D:1      | Killed a kraken
   373 | D:1      | Reached XP level 3. HP: 21/21 MP: 3/3
   521 | D:1      | Reached skill level 5 in Ranged Weapons
   758 | D:1      | 758 ||| UPGRADING to +0 ring mail.
   768 | D:1      | 768 ||| DROPPING +0 leather armour.
   769 | D:1      | 769 ||| UPGRADING to ring of see invisible.
   770 | D:1      | 770 ||| READING scroll labelled FOAKHEYCWY.
   771 | D:1      | 771 ||| READING scroll labelled RYSAL LAORRO.
   772 | D:1      | 772 ||| READING 2 scrolls labelled IKUDAH RIHERCH.
   773 | D:1      | 773 ||| DROPPING scroll of poison.
  1025 | D:2      | Found a faded altar of an unknown god.
  1059 | D:2      | Reached skill level 1 in Armour
  1180 | D:2      | 1180 ||| READING scroll labelled YZXOSA CANEA.
  1181 | D:2      | 1181 ||| READING scroll labelled COROXOESIMM.
  1182 | D:2      | 1182 ||| READING scroll labelled RUR HUNWUHIRGHA.
  1375 | D:3      | Reached XP level 4. HP: 27/27 MP: 4/4
  1464 | D:3      | Noticed Natasha
  1472 | D:3      | Killed Natasha
  1473 | D:3      | Reached skill level 3 in Fighting
  1619 | D:3      | Noticed Natasha
  1627 | D:3      | Killed Natasha
  1852 | D:3      | Found a runed translucent door.
  1853 | D:3      | Noticed Crazy Yiuf
  1933 | D:3      | Noticed Natasha
  1944 | D:3      | Killed Natasha
  1945 | D:3      | Reached XP level 5. HP: 24/32 MP: 5/5
  2075 | D:3      | 2075 ||| UPGRADING to +0 helmet.
  2080 | D:3      | 2080 ||| UPGRADING to ring of positive energy.
  2081 | D:3      | 2081 ||| READING 3 scrolls labelled XUAMPU XEE.
  2082 | D:3      | 2082 ||| READING scroll labelled XEPSIK USOSIUM.
  2110 | D:3      | 2110 ||| READING 2 scrolls of identify.
  2110 | D:3      | 2110 ||| IDENTIFYING sapphire potion
  2111 | D:3      | 2111 ||| DROPPING 2 scrolls of amnesia.
  2181 | D:4      | Noticed a centaur
  2185 | D:4      | HP: 8/32 [centaur/arrow (10)]
  2188 | D:4      | Slain by a centaur

Levels and vault maps discovered:
D:1:      nicolae_arrival_kraken_aquarium_a, layout_basic
D:2:      layout_rooms, dreamdust_ecumenical_altar_angels_and_demons,
          basic_altar, minmay_quadrilaterals
D:3:      layout_loops_cross, uniq_natasha, uniq_crazy_yiuf_cottage
D:4:      layout_loops_cross, temple_statues, uniq_duvessa

Skill      XL: |  1  2  3  4 |
---------------+-------------+-----
Ranged Weapons | 5 |  5.6
Armour         | 1 |  1.0
Fighting       | 3 |  3.5
Dodging        | |  1.5
Stealth        | |  1.1

Action                     |  1- 3 |  4- 6 || total
---------------------------+-------+-------++-------
   Fire: Shortbow          |   116 |    47 ||   163
    Use: Scroll            |     6 |     3 ||     9
 Armour: Leather armour    |    14 |       ||    14
         Ring mail         |    10 |    14 ||    24
  Dodge: Dodged            |    30 |    13 ||    43

Table legend:
 A = Non-vault XP
 B = Vault XP
 C = Vault XP percentage of total XP
 D = Non-vault monster count
 E = Vault monster count
 F = Vault count percentage of total count
                 A         B        C        D         E       F
            +---------+---------+-------+---------+---------+-------
      Total |     154 |      41 |  21.0 |      40 |       4 |   9.1
            +---------+---------+-------+---------+---------+-------
        D:1 |      19 |       0 |   0.0 |      11 |       0 |   0.0
        D:2 |      44 |       6 |  12.0 |      14 |       3 |  17.6
        D:3 |      91 |      35 |  27.8 |      15 |       1 |   6.2
            +---------+---------+-------+---------+---------+-------
